 Dungeon Crawl Stone Soup version 0.31-a0-1161-g593ecc88b7 (webtiles) character file.

Game seed: 11338275940760192660

63 Maratek the Ruffian (level 3, -3/29 HPs)
             Began as a Demigod Shapeshifter on Dec 8, 2023.
             Slain by an orc
             ... wielding a +0 club
              (4 damage)
             ... on level 3 of the Dungeon.
             The game lasted 00:01:38 (1593 turns).

Maratek the Ruffian (Demigod Shapeshifter)          Turns: 1593, Time: 00:01:38

Health: -3/29      AC:  2    Str: 25    XL:     3   Next: 63%
Magic:  5/5        EV: 12    Int: 12    God:
Gold:   73         SH:  0    Dex: 13    Spells: 2/2 levels left

rFire   . .          .
                       - Unarmed
rCold   . . .        (no shield)
rNeg    . . .        a - +0 animal skin
rPois   .            (helmet currently unavailable)
rElec   .            (cloak currently unavailable)
rCorr   .            (gloves currently unavailable)
SInv    .            (boots currently unavailable)
Will    .....        (no amulet)
Stlth   +            e - +6 ring of strength
HPRegen 0.24/turn    (no ring)
MPRegen 0.09/turn

%: no passive effects
@: beast-form
A: beast (slay +1), high MP 1, forlorn, divine attributes
a: Begin Untransformation


You were on level 3 of the Dungeon.
You were a hulking beast.
You visited 1 branch of the dungeon, and saw 3 of its levels.

You collected 73 gold pieces.

Inventory:

Armour
 a - a +0 animal skin (worn)
Jewellery
 e - a +6 ring of strength (left hand)
Talismans
 c - a beast talisman
 d - a flux talisman
Scrolls
 g - a scroll of teleportation {unknown}
 h - a scroll of enchant armour {unknown}
 i - 2 scrolls of identify {unknown}
 j - a scroll of poison {unknown}
 k - a scroll of acquirement {unknown}
 m - a scroll of blinking {unknown}
 n - 3 scrolls of brand weapon {unknown}
Potions
 b - a potion of lignification
 f - a potion of degeneration {unknown}
 l - a potion of resistance {unknown}
 o - a potion of magic {unknown}
 p - a potion of brilliance {unknown}
 q - 2 potions of attraction {unknown}


   Skills:
 * Level 1.8 Fighting
 * Level 2.4 Dodging
 * Level 3.1 Unarmed Combat
 * Level 3.1 Shapeshifting


You had 2 spell levels left.
You didn't know any spells.
Your spell library was empty.

Dungeon Overview and Level Annotations

Branches:
Dungeon (3/15)

Shops:
D:1 :


Innate Abilities, Weirdness & Mutations

You are a hulking beast.
Your limbs bulge with bestial killing power. (Slay +1)
You have an increased reservoir of magic. (+10% MP)
You shall have no god before yourself.
Your divine heritage dramatically boosts your attributes as you level up.


Message History

The orc hits you with a +0 dagger.
You are too injured to fight recklessly!
You are too injured to fight recklessly!
You are too injured to fight recklessly!
You are too injured to fight recklessly!
You are too injured to fight recklessly!
You are too injured to fight recklessly!
You are too injured to fight recklessly!
You are too injured to fight recklessly!
You are too injured to fight recklessly!
You are too injured to fight recklessly!
You are too injured to fight recklessly!
You are too injured to fight recklessly!
You are too injured to fight recklessly!
You are too injured to fight recklessly!
You are too injured to fight recklessly!
You are too injured to fight recklessly!
Unknown command.
You are too injured to fight recklessly!
You hit the orc wizard but do no damage.
The orc wizard is severely wounded.
The bat hits you but does no damage. The bat barely misses you.
The orc hits you with a +0 dagger. The kobold hits you but does no damage.
The bat hits you. The orc hits you with a +0 flail.
* * * LOW HITPOINT WARNING * * *
The orc wizard barely misses you. The orc misses you.
The orc hits you with a +0 club.
* * * LOW HITPOINT WARNING * * *
You hit the orc wizard but do no damage.
The orc wizard is severely wounded.
The bat hits you.
* * * LOW HITPOINT WARNING * * *
The orc wizard hits you with a +0 dagger.
* * * LOW HITPOINT WARNING * * *
The orc misses you. The orc hits you but does no damage.
The kobold hits you with a +0 club.
* * * LOW HITPOINT WARNING * * *
The endoplasm hits you but does no damage.
The orc hits you with a +0 club.
You die...

##########
.........# .....
......ooJ## .....
.....<.ho>#...J?.
.$...booK.#......
....!..S..#....
.........#...
......>....#.
#.#......<.# .. #
#....#.#.......
#..#.....#.#... .
...S. .# # #


You could see an orc wizard, 4 orcs, an endoplasm, a bat, a ball python and a
kobold.

Vanquished Creatures
  An adder (D:2)
  2 worms (D:2)
  3 dart slugs (D:1)
  5 ball pythons
  3 endoplasms (D:1)
  2 giant cockroaches
  8 goblins
  3 hobgoblins
  3 jackals (D:1)
  A kobold (D:2)
  2 quokkas (D:2)
  2 frilled lizards (D:1)
  4 rats (D:1)
39 creatures vanquished.

Notes
Turn   | Place    | Note
-------+----------+-------------------------------------------
     0 | D:1      | Maratek the Demigod Shapeshifter began the quest for the
                  | Orb.
     0 | D:1      | Reached XP level 1. HP: 15/15 MP: 3/3
    89 | D:1      | Found Uleunk Tepo's Book Shoppe.
    94 | D:1      | Reached skill level 1 in Fighting
   197 | D:1      | Reached XP level 2. HP: 23/23 MP: 4/4
   769 | D:1      | Reached XP level 3. HP: 28/28 MP: 5/5
  1593 | D:3      | HP: 1/29 [kobold/+0 club (1)]
  1593 | D:3      | Slain by an orc

Illustrated notes

Levels and vault maps discovered:
D:1:      minmay_arrival_floating_metal, layout_loops_ring, serial_shops, shop
D:2:      layout_rooms, kennysheep_boxes
D:3:      layout_basic

Skill      XL: |  1  2 |
---------------+-------+-----
Fighting       | 1 |  1.8
Dodging        | 2 |  2.4
Unarmed Combat | 3 |  3.1
Shapeshifting  | 3 |  3.1

Action                     || total
---------------------------++-------
  Melee: Unarmed           ||   106
         Punch             ||     1
   Stab: Sleeping          ||     2
 Armour: Animal skin       ||    53
  Dodge: Dodged            ||    61

Table legend: (Time is in decaauts)
 A = Elapsed time spent in this place.
 B = Non-inter-level travel time spent in this place.
 C = Inter-level travel time spent in this place.
 D = Time resting spent in this place.
 E = Time spent auto-exploring this place.
 F = Levels seen in this place.
 G = Mean time per level.
                   A        B        C        D        E       F      G
               +--------+--------+--------+--------+--------+-----+--------+
         Total |   1606 |   1546 |     60 |      0 |   1310 |   3 |  535.3 |
       Dungeon |   1606 |   1546 |     60 |      0 |   1310 |   3 |  535.3 |
               +--------+--------+--------+--------+--------+-----+--------+

Top non-repeatable levels by time:
     D:1: 912 daAuts
     D:2: 686 daAuts
     D:3: 8 daAuts
